 Dungeon Crawl Stone Soup version 0.28.0-53-g5a82cb258f (webtiles) character file.

Game seed: 9358612314425959349

7341 buhh the Martial Artist (level 11, 0/92 HPs)
             Began as an Octopode Transmuter on June 16, 2022.
             Slain by a yak (3 damage)
             ... on level 9 of the Dungeon.
             The game lasted 00:39:52 (13277 turns).

buhh the Martial Artist (Octopode Transmuter)      Turns: 13277, Time: 00:39:53

Health: 0/92       AC: 17    Str:  9    XL:     11   Next: 13%
Magic:  10/15      EV: 11    Int: 21    God:
Gold:   530        SH:  0    Dex: 12    Spells: 6/16 levels left

rFire   x . .      SeeInvis .     - Unarmed
rCold   + + +      Faith    .   (shield currently unavailable)
rNeg    . . .      Spirit   .   (helmet currently unavailable)
rPois   +          Reflect  .   (no amulet)
rElec   .          Harm     .   (no ring)
rCorr   .          Rampage  .   (no ring)
Will    .....                   (no ring)
Stlth   ++........              (no ring)
HPRegen 0.25/turn               (no ring)
MPRegen 0.14/turn               (no ring)
                                (no ring)
                                (no ring)

@: ice-armoured, ice-form, studying Short Blades, invisible
A: freezing attack, boosted hp, almost no armour, amphibious, 8 rings, large,
(camouflage 1), (gelatinous body 1), (nimble swimmer 1), (tentacles)
a: End Transformation


You were on level 9 of the Dungeon.
You were a creature of crystalline ice.
You visited 2 branches of the dungeon, and saw 10 of its levels.
You also visited: Bailey.

You collected 530 gold pieces.

Inventory:

Missiles
 c - 3 poisoned darts
Armour
 j - a +2 crystal plate armour
 k - the +15 Maxwell's patent armour {-Cast -Tele rElec Will+ rCorr}
   (You found it in a bailey)

   rElec:     It insulates you from electricity.
   -Cast:     It prevents spellcasting.
   -Tele:     It prevents most forms of teleportation.
   rCorr:     It protects you from acid and corrosion.
   Will:      It increases your willpower.
Magical Staves
 d - a staff of air
Wands
 b - a wand of polymorph (14)
 F - a wand of iceblast (5)
Scrolls
 f - a scroll of vulnerability
 g - 2 scrolls of identify {!d}
 T - 3 scrolls of immolation {!d}
 Z - a scroll of enchant armour
Potions
 a - 3 potions of degeneration
 e - a potion of haste {unknown}
 h - a potion of mutation {unknown}
 i - a potion of experience {unknown}
 l - a potion of attraction {unknown}
 m - 3 potions of berserk rage {unknown}
 n - a potion of flight {unknown}
 o - a potion of brilliance {unknown}
 J - 2 potions of magic {!q!d}


   Skills:
 * Level 8.2 Fighting
 - Level 4.0 Dodging
 - Level 1.0 Stealth
 * Level 8.7 Unarmed Combat
 - Level 3.1 Spellcasting
 - Level 8.0 Transmutations
 - Level 8.0 Ice Magic
 - Level 3.0 Poison Magic


You had 6 spell levels left.
You knew the following spells:

 Your Spells              Type           Power      Damage    Failure   Level
a - Sting                 Tmut/Pois      100%       1d8       1%          1
b - Wereblood             Tmut           36%        N/A       1%          2
c - Ice Form              Ice/Tmut       36%        N/A       4%          4
x - Ozocubu's Armour      Ice            36%        N/A       1%          3

Your spell library contained the following spells:

 Spells                   Type           Power      Damage    Failure   Level
 Beastly Appendage        Tmut           72%        N/A       1%          1
 Spider Form              Tmut/Pois      26%        N/A       4%          3
 Magic Dart               Conj           12%        1d3       13%         1
 Call Imp                 Summ           3%         N/A       21%         2
 Corpse Rot               Necr/Air       6%         N/A       21%         2
 Mephitic Cloud           Conj/Pois/Air  7%         N/A       26%         3
 Confusing Touch          Hex            3%         N/A       36%         3
 Gell's Gravitas          Tloc           3%         N/A       36%         3
 Lesser Beckoning         Tloc           3%         N/A       36%         3
 Teleport Other           Tloc           3%         N/A       36%         3
 Yara's Violent Unravell  Hex/Tmut       10%        3d6       56%         5
 Dispel Undead            Necr           3%         3d7       78%         4
 Death Channel            Necr           1%         N/A       100%        6
 Ozocubu's Refrigeration  Ice            18%        4d8       99%         7
 Enfeeble                 Hex            1%         N/A       100%        7


Dungeon Overview and Level Annotations

Branches:
Dungeon (9/15)             Temple (1/1) D:5          Bailey (visited)
   Lair: D:8-11         Orc: D:9-12

Altars:
Cheibriados
Dithmenos
Elyvilon
Fedhas
Gozag
Hepliaklqana
Kikubaaqudgha
Makhleb
Nemelex Xobeh
Okawaru
Qazlal
Ru
Sif Muna
Trog
Uskayaw
Wu Jian
Xom
Yredelemnul
Zin
The Shining One

Annotations:
D:3 Ijyb
D:4 exclusion: ice beast
D:8 Maggie


Innate Abilities, Weirdness & Mutations

You are a creature of crystalline ice.
You have a powerful freezing melee attack.
Your maximum health is increased.
Your armour is entirely melded.
You are incapable of wielding weapons or throwing items.
You cannot wear most types of armour.
You are amphibious.
You can wear up to eight rings at the same time.
((Your skin changes colour to match your surroundings (Stealth+).))
((Your rubbery body absorbs attacks. (AC +1, EV +1)))
((You are camouflaged when in or above water. (Stealth+)))
((You have tentacles for arms and can constrict up to eight enemies at once.))


Message History

Press: ? - help, Q - select action, (/) - cycle Dir - look around, f - activate You turn into a creature of crystalline ice.
The cyan ugly thing barely misses you.
You hit the cyan ugly thing. You freeze the cyan ugly thing.
The cyan ugly thing is heavily wounded.
The cyan ugly thing stings you but does no damage.
You punch the cyan ugly thing! You freeze the cyan ugly thing.
The cyan ugly thing is severely wounded.
The yak gores you but does no damage. The yak gores you.
The cyan ugly thing barely misses you.
You barely miss the cyan ugly thing.
The cyan ugly thing is severely wounded.
The yak closely misses you. x2; The cyan ugly thing barely misses you.
You hit the cyan ugly thing. You freeze the cyan ugly thing.
The cyan ugly thing is severely wounded.
The yak gores you but does no damage. The yak gores you!
The yak gores you but does no damage. The cyan ugly thing misses you.
You barely miss the cyan ugly thing.
The cyan ugly thing is severely wounded.
The yak gores you. x2; The yak barely misses you.
The cyan ugly thing stings you! The cyan ugly thing shocks you!
* * * LOW HITPOINT WARNING * * *
You punch the cyan ugly thing! You freeze the cyan ugly thing.
The cyan ugly thing is almost dead.
The yak closely misses you. The yak gores you but does no damage.
You hit the cyan ugly thing but do no damage.
The cyan ugly thing is almost dead.
The yak gores you.
* * * LOW HITPOINT WARNING * * *
The cyan ugly thing stings you but does no damage.
You punch the cyan ugly thing! You freeze the cyan ugly thing.
You kill the cyan ugly thing!
The yak gores you!
* * * LOW HITPOINT WARNING * * *
The yak gores you but does no damage. x2
Okay, then.
Really quaff
H - a potion of invisibility {!q!d}?
You fade into invisibility!
The yak gores you but does no damage. The yak gores you.
You die...

......##.#.....#...........#
...........#.#.#...........#
.###+###'###...#...........#
.### .#.................#
...# #........####.#####
.### #.........###.# .#.+
'...........#.# ...#
#(....Y.##....# ####
#.....YY##.#..# ...#
#.....YY##.#..# ####
#........... .# ........##..
.. #######.##... .. ...##..
... ?.. .♣.


You could see 4 yaks.

Vanquished Creatures
  A two-headed ogre (D:9)
  An orc knight (Bailey)
  A deep elf zephyrmancer (Bailey)
  An ugly thing (D:9)
  A troll (D:7)
  A hornet (D:8)
  A vampire (D:9)
  8 yaks
  A wyvern (D:9)
  2 water moccasins (D:5)
  2 ice beasts (D:8)
  4 sky beasts
  9 orc warriors
  5 ogres
  3 centaurs
  A kobold brigand (D:9)
  A bullfrog (D:9)
  2 wyvern zombies
  A water moccasin skeleton (D:5)
  4 wights (D:9)
  4 howler monkeys
  A bullfrog zombie (D:6)
  3 centaur zombies
  A bullfrog skeleton (D:7)
  2 hounds
  2 jellies
  An orc priest (D:3)
  An iguana (D:4)
  6 orc wizards
  2 howler monkey zombies
  7 gnolls
  7 adders
  4 river rats (D:6)
  A white imp (D:8)
  An adder skeleton (D:4)
  2 worms (D:3)
  4 dart slugs
  24 orcs
  7 ball pythons
  8 endoplasms
  2 giant cockroaches
  10 goblins
  10 hobgoblins
  5 quokkas
  7 bats
  5 frilled lizards
  10 kobolds
  6 rats
  A spectral kobold (D:1)
194 creatures vanquished.

Vanquished Creatures (others)
  30 plants (D:6)
30 creatures vanquished.

Grand Total: 224 creatures vanquished

Notes
Turn   | Place    | Note
-------+----------+-------------------------------------------
     0 | D:1      | buhh the Octopode Transmuter began the quest for the Orb.
     0 | D:1      | Reached XP level 1. HP: 13/13 MP: 3/3
   171 | D:1      | Reached XP level 2. HP: 12/18 MP: 5/5
   748 | D:1      | Found a faded altar of an unknown god.
   765 | D:1      | Reached XP level 3. HP: 21/24 MP: 6/6
  1485 | D:2      | Learned a level 2 spell: Wereblood
  1489 | D:2      | Learned a level 3 spell: Spider Form
  1789 | D:2      | Reached XP level 4. HP: 23/29 MP: 5/7
  3076 | D:3      | Noticed Ijyb
  3094 | D:3      | Reached XP level 5. HP: 33/35 MP: 6/8
  3838 | D:4      | Noticed an ice beast
  3870 | D:5      | Entered Level 5 of the Dungeon
  3906 | D:4      | Noticed an ogre
  4545 | D:3      | Reached XP level 6. HP: 42/42 MP: 6/9
  4942 | D:3      | You fall into a shaft and drop 1 floor!
  5208 | D:4      | Reached XP level 7. HP: 18/48 MP: 6/10
  5767 | D:5      | Found a staircase to the Ecumenical Temple.
  5785 | Temple   | Entered the Ecumenical Temple
  6560 | D:6      | Found a glowing golden altar of the Shining One.
  6751 | D:6      | Reached XP level 8. HP: 29/54 MP: 8/11
  7099 | D:5      | Learned a level 3 spell: Ozocubu's Armour
  7471 | D:6      | Found a stormy altar of Qazlal.
  7746 | D:6      | Found a shimmering altar of Xom.
  8065 | D:7      | Noticed a yak
  8067 | D:7      | Noticed a yak
  8068 | D:7      | Noticed a troll
  8345 | D:7      | Noticed a yak
  8345 | D:7      | Noticed a yak
  8345 | D:7      | Noticed a yak
  8361 | D:7      | Killed a yak
  8369 | D:7      | Killed a yak
  8370 | D:7      | Reached XP level 9. HP: 44/58 MP: 7/12
  8660 | D:7      | Killed a troll
  8953 | D:6      | Learned a level 4 spell: Ice Form
  9101 | D:7      | Found a shimmering blue altar of Sif Muna.
  9131 | D:7      | Got Sif Muna's Compendium of Changing
  9261 | D:7      | Learned a level 1 spell: Sting
  9848 | D:8      | Found a basalt altar of Yredelemnul.
  9894 | D:8      | Noticed a hornet
  9900 | D:8      | Paralysed by a hornet for 1 turns
  9901 | D:8      | Killed a hornet
  9907 | D:8      | Found a shadowy altar of Dithmenos.
 10022 | D:8      | Found a flagged portal.
 10069 | Bailey   | Entered a bailey
 10169 | Bailey   | Reached XP level 10. HP: 66/66 MP: 8/14
 10308 | Bailey   | Noticed an orc knight
 10628 | Bailey   | Killed an orc knight
 10993 | Bailey   | Found a large runed translucent door.
 10993 | Bailey   | Found a large runed translucent door.
 10994 | Bailey   | Noticed a deep elf zephyrmancer
 10996 | Bailey   | Found the +15 Maxwell's patent armour {-Cast -Tele rElec
                  | Will+ rCorr}
 11072 | Bailey   | Killed a deep elf zephyrmancer
 11852 | D:8      | Noticed Maggie
 11935 | D:9      | Noticed a two-headed ogre
 11952 | D:9      | Killed a two-headed ogre
 12508 | D:9      | Noticed a cyan ugly thing
 12674 | D:9      | Found a snail-covered altar of Cheibriados.
 12694 | D:9      | Found a bloodstained altar of Trog.
 12730 | D:9      | Found a white marble altar of Elyvilon.
 12730 | D:9      | Found a hide-covered altar of Uskayaw.
 12732 | D:9      | Found an ancient bone altar of Kikubaaqudgha.
 12953 | D:9      | Found an opulent altar of Gozag.
 13058 | D:9      | Reached XP level 11. HP: 76/76 MP: 7/15
 13276 | D:9      | Killed a cyan ugly thing
 13276 | D:9      | HP: 3/92 [yak (10)]
 13277 | D:9      | Slain by a yak

Illustrated notes

Levels and vault maps discovered:
D:1:      elethiomel_arrival_infinity_welcomes_careful_drivers, layout_basic,
          dreamdust_ecumenical_altar_drowned_temple, minivault_26
D:2:      layout_basic
D:3:      layout_basic, kennysheep_generic_room_16, uniq_ijyb
D:4:      layout_basic
D:5:      layout_rooms, minmay_temple_entry_offerings
D:6:      wad_woods_stonehenge, layout_basic, kennysheep_mini_moat,
          mainiacjoe_overflow_tiny_flanked, kennysheep_generic_room_14
D:7:      layout_gridville, led_sif_book, minmay_misc_feat_secret_circle,
          minmay_manual_mail, uniq_harold
D:8:      layout_cave_pods, yredelemnul_altar_generic,
          nicolae_dithmenos_through_a_glass_darkly,
          lightli_bailey_entry_fortress, uniq_maggie
D:9:      layout_rooms, mainiacjoe_overflow_six_doors_small,
          nicolae_overflow_hidden_temple,
          nicolae_gozag_cash_rules_everything_around_me, grunt_ministairs_12
Temple:   dpeg_three_leaves_temple

Skill      XL: |  1  2  3  4  5  6  7  8  9 10 11 |
---------------+----------------------------------+-----
Stealth        | 1 |  1.0
Fighting       | 2 3 4 5 7 8 |  8.2
Poison Magic   | 1 2 3 |  3.0
Unarmed Combat | 4 5 6 8 |  8.7
Transmutations | 3 5 6 8 |  8.0
Dodging        | 4 |  4.0
Ice Magic      | 2 7 8 |  8.0
Spellcasting   | 3 |  3.1

Action                   |  1- 3 |  4- 6 |  7- 9 | 10-12 || total
-------------------------+-------+-------+-------+-------++-------
Melee: Unarmed           |    69 |   137 |   263 |   147 ||   616
       Tentacles         |    18 |    11 |    11 |       ||    40
       Constrict         |    16 |    28 |     5 |     1 ||    50
       Kick              |     9 |    31 |    10 |       ||    50
       Punch             |       |     4 |     1 |       ||     5
 Cast: Beastly Appendage |    11 |    27 |     6 |       ||    44
       Wereblood         |       |     5 |     2 |       ||     7
       Spider Form       |       |     9 |    21 |       ||    30
       Ozocubu's Armour  |       |       |    19 |    18 ||    37
       Sting             |       |       |    12 |    55 ||    67
       Ice Form          |       |       |    12 |    18 ||    30
Evoke: Wand              |       |       |       |    12 ||    12
  Use: Scroll            |     1 |     5 |    12 |     3 ||    21
       Potion            |       |       |     3 |     5 ||     8
 Stab: Sleeping          |    12 |     6 |       |       ||    18
       Invisible         |       |       |       |     1 ||     1
Armor: Skin              |     3 |     8 |    52 |    85 ||   148
Dodge: Dodged            |    32 |    78 |   181 |    68 ||   359
